 Dungeon Crawl Stone Soup version 0.29-a0-617-g7a6b98fccd (webtiles) character file.

Game seed: 9388354397370568647

58 Newt the Skirmisher (level 3, 0/30 HPs)
             Began as a Demonspawn Abyssal Knight on June 17, 2022.
             Was a Believer of Lugonu.
             Slain by a jackal (2 damage)
             ... on level 4 of the Dungeon.
             The game lasted 00:15:10 (1871 turns).

Newt the Skirmisher (Demonspawn Abyssal Knight)     Turns: 1871, Time: 00:15:10

Health: 0/30       AC:  3    Str: 13    XL:     3   Next: 76%
Magic:  4/4        EV: 11    Int: 13    God:    Lugonu [**....]
Gold:   65         SH:  0    Dex: 13    Spells: 2/2 levels left

rFire   + . .      SeeInvis .   a - +1 spear
rCold   . . .      Faith    .   (no shield)
rNeg    + . .      Spirit   .   b - +0 leather armour
rPois   .          Reflect  .   (helmet restricted)
rElec   .          Harm     .   (no cloak)
rCorr   .          Rampage  .   (no gloves)
Will    .....                   (no boots)
Stlth   +.........              (no amulet)
HPRegen 0.10/turn               c - ring of protection from fire
MPRegen 0.09/turn               q - ring of positive energy

@: brilliant
A: antennae 1
a: Renounce Religion, Depart the Abyss, Bend Space


You were on level 4 of the Dungeon.
You worshipped Lugonu.
Lugonu was pleased with you.
You visited 1 branch of the dungeon, and saw 5 of its levels.
You visited the Abyss 1 time.

You collected 65 gold pieces.

Inventory:

Hand Weapons
 a - a +1 spear (weapon)
Missiles
 d - a throwing net
Armour
 b - a +0 leather armour (worn)
 g - a +0 robe
 k - a +0 robe
Magical Staves
 e - a staff of fire
Jewellery
 c - a ring of protection from fire (left hand)
 q - a ring of positive energy (right hand)
Scrolls
 h - a scroll of torment
 i - a scroll of enchant armour {unknown}
 j - 2 scrolls of silence
 l - a scroll of summoning {unknown}
 m - a scroll of magic mapping {unknown}
 n - 2 scrolls of teleportation {unknown}
 r - 3 scrolls of noise {unknown}
Potions
 p - a potion of degeneration {unknown}


   Skills:
 * Level 3.7 Fighting
 - Level 2.1(2.2) Polearms
 * Level 0.6(1.5) Staves
 - Level 2.3 Armour
 * Level 1.3 Dodging
 - Level 2.4 Invocations
 * Level 0.5 Evocations


You had 2 spell levels left.
You didn't know any spells.
Your spell library contained the following spells:

 Spells                   Type           Power      Damage    Failure   Level
 Apportation              Tloc           0%         N/A       36%         1
 Dazzling Flash           Conj/Hex       0%         N/A       75%         3
 Agony                    Necr           0%         N/A       100%        5
 Alistair's Intoxication  Tmut/Pois      0%         N/A       100%        5
 Silence                  Hex/Air        0%         N/A       100%        5


Dungeon Overview and Level Annotations

Branches:
Dungeon (5/15)
 Temple: D:4-7

Altars:
Hepliaklqana


Innate Abilities, Weirdness & Mutations

You have a pair of small antennae on your head.


Message History

You closely miss the iguana. The iguana closely misses you.
You hit the iguana.
The iguana is lightly wounded.
The iguana bites you!
You closely miss the iguana.
The iguana is lightly wounded.
The iguana barely misses you.
You closely miss the iguana.
The iguana is lightly wounded.
The iguana bites you!
* * * LOW HITPOINT WARNING * * *
The iguana attacks as you move away! The iguana bites you.
* * * LOW HITPOINT WARNING * * *
The iguana hisses menacingly.
Space bends violently around you!
You blink.
Found a scale mail.
There is a hazy altar of Hepliaklqana here. 2 jackals come into view.
The jackal barks! x2
A jackal comes into view.
Found an orange potion.
The jackal attacks as you move away! The jackal bites you.
* * * LOW HITPOINT WARNING * * *
The jackal barks!
A jackal comes into view.
The jackal bites you.
* * * LOW HITPOINT WARNING * * *
The jackal barely misses you.
The jackal bites you but does no damage.
The jackal attacks as you move away! The jackal closely misses you.
The jackal misses you. The jackal bites you.
* * * LOW HITPOINT WARNING * * *
Okay, then.
The jackal attacks as you move away! The jackal barely misses you.
It was a potion of magic.
Magic courses through your body.
Unknown command.
It was a potion of brilliance.
You feel clever all of a sudden. The jackal bites you.
You die...

..P§#PP.PP#..#...#....
...P#...PP...#.....!..
...##P.P##...h........
...###..##...#..###+#.
...# ##.........# #
...# .........###.#..#
[..+ ........lh.......
# .#.......h##.#.#
.### #....#.h@# .....
..........# !..###
..........# ......
........... ######
≈≈≈≈≈.......
≈≈≈≈....## ≈≈≈≈≈≈###
≈#####


You could see an iguana and 4 jackals.

Vanquished Creatures
  An adder (D:2)
  2 worms
  An orc (D:2)
  3 endoplasms
  A giant cockroach (D:2)
  7 goblins
  4 hobgoblins
  5 kobolds
  4 quokkas
  4 bats
  6 frilled lizards (D:1)
  3 rats
41 creatures vanquished.

Vanquished Creatures (others)
  12 plants
12 creatures vanquished.

Grand Total: 53 creatures vanquished

Notes
Turn   | Place    | Note
-------+----------+-------------------------------------------
     0 | Abyss:1  | Newt the Demonspawn Abyssal Knight began the quest for the
                  | Orb.
     0 | Abyss:1  | Reached XP level 1. HP: 18/18 MP: 2/2
    40 | D:1      | Escaped the Abyss
   156 | D:1      | Gained mutation: You have a pair of small antennae on your
                  | head. [demonic ancestry]
   156 | D:1      | Reached XP level 2. HP: 15/24 MP: 3/3
   697 | D:2      | Reached skill level 1 in Dodging
   724 | D:2      | Reached XP level 3. HP: 25/29 MP: 4/4
  1468 | D:3      | Reached *** piety under Lugonu
  1529 | D:4      | Found a hazy altar of Hepliaklqana.
  1532 | D:5      | Entered Level 5 of the Dungeon
  1797 | D:5      | Noticed an ice beast
  1871 | D:4      | Slain by a jackal

Illustrated notes

Levels and vault maps discovered:
D:1:      eino_arrival_water_star, layout_basic, minmay_lizard_king
D:2:      layout_loops_ring, serial_shops, nicolae_lakefront_shop,
          hangedman_decor_growths, minmay_misc_feat_pillars
D:3:      layout_basic, nicolae_yredelemnul_corpse_copse, marbit_many_paths
D:4:      cheibrodos_thug_alley, layout_basic, nicolae_hepliaklqana_hazy_memory
D:5:      layout_cave_pods, hangedman_abyss_or_decor_lesser_grid

Skill      XL: |  1  2 |
---------------+-------+-----
Armour         | 2 |  2.3
Polearms       | 2 |  2.1
Dodging        | 1 |  1.3
Fighting       | |  3.7
Staves         | |  0.6
Invocations    | |  2.4
Evocations     | |  0.5

Action                   || total
-------------------------++-------
Melee: Spear             ||   153
       Punch             ||     1
Invok: Bend Space        ||     3
  Use: Scroll            ||     2
       Potion            ||     2
Armor: Leather armour    ||    31
Dodge: Dodged            ||    64

Table legend: (Time is in decaauts)
 A = Elapsed time spent in this place.
 B = Non-inter-level travel time spent in this place.
 C = Inter-level travel time spent in this place.
 D = Time resting spent in this place.
 E = Time spent auto-exploring this place.
 F = Levels seen in this place.
 G = Mean time per level.
                   A        B        C        D        E       F      G
               +--------+--------+--------+--------+--------+-----+--------+
         Total |   1871 |   1856 |     15 |    801 |      0 |   6 |  311.8 |
       Dungeon |   1831 |   1816 |     15 |    801 |      0 |   5 |  366.2 |
         Abyss |     40 |     40 |      0 |      0 |      0 |   1 |   40.0 |
               +--------+--------+--------+--------+--------+-----+--------+

Top non-repeatable levels by time:
     D:1: 613 daAuts
     D:3: 434 daAuts
     D:2: 401 daAuts
     D:5: 272 daAuts
     D:4: 109 daAuts
 Abyss:1: 40 daAuts
